 Dungeon Crawl Stone Soup version 0.31-a0-1082-g7d1fb776a8 (webtiles) character file.

Game seed: 10699983505434838442

196 Gynju the Shooter (level 5, -5/42 HPs)
             Began as a Hill Orc Hunter on Nov 27, 2023.
             Was an Initiate of Ashenzari.
             Slain by Grinder the lemure (9 damage)
             ... on level 4 of the Dungeon.
             The game lasted 00:04:35 (2325 turns).

Gynju the Shooter (Hill Orc Hunter)                 Turns: 2325, Time: 00:04:36

Health: -5/42      AC:  3    Str: 14    XL:     5   Next: 74%
Magic:  5/5        EV: 11    Int:  9    God:    Ashenzari [......]
Gold:   133        SH:  0    Dex: 16    Spells: 4/4 levels left

rFire   . . .        a - +0 shortbow
rCold   . . .        (shield currently unavailable)
rNeg    . . .        c - +0 leather armour
rPois   .            (no helmet)
rElec   .            (no cloak)
rCorr   .            (no gloves)
SInv    +            (no boots)
Will    .....        k - amulet of the acrobat
Stlth   +            j - ring of see invisible
HPRegen 0.27/turn    (no ring)
MPRegen 0.09/turn

%: acrobat
@: no status effects
A: no striking features
a: Renounce Religion, Curse Item


You were on level 4 of the Dungeon.
You worshipped Ashenzari.
Ashenzari was noncommittal.
You visited 1 branch of the dungeon, and saw 4 of its levels.

You collected 133 gold pieces.

Inventory:

Hand Weapons
 a - a +0 shortbow (weapon)
 d - a +1 dagger of venom
 f - a +2 short sword of protection
Armour
 c - a +0 leather armour (worn)
Jewellery
 j - a ring of see invisible (left hand)
 k - an amulet of the acrobat (around neck)
Wands
 t - a wand of polymorph (2)
Scrolls
 b - a scroll of butterflies
 e - a scroll of fear {unknown}
 g - 4 scrolls of identify {unknown}
 l - a scroll of poison {unknown}
 n - 2 scrolls of teleportation {unknown}
 p - a scroll of fog {unknown}
 s - a scroll of amnesia {unknown}
Potions
 h - a potion of heal wounds {unknown}
 i - 2 potions of cancellation {unknown}
 m - a potion of degeneration {unknown}
 o - a potion of enlightenment {unknown}
 q - a potion of might {unknown}
 r - a potion of resistance {unknown}


   Skills:
 - Level 2.4 Fighting
 * Level 6.2 Ranged Weapons
 - Level 1.5 Dodging
 - Level 0.7 Stealth


You had 4 spell levels left.
You didn't know any spells.
Your spell library contained the following spells:

 Spells                   Type           Power      Damage    Failure   Level
 Ensorcelled Hibernation  Hex/Ice        0%         N/A       61%         2
 Jinxbite                 Hex            0%         N/A       61%         2
 Anguish                  Hex/Necr       0%         N/A       99%         4


Dungeon Overview and Level Annotations

Branches:
Dungeon (4/15)
 Temple: D:4-7

Altars:
Ashenzari

Annotations:
D:4 Dowan, Duvessa, Grinder


Message History

Grinder hits you. x2
Grinder blinks!
You can move again.
Aiming: Polymorph
Press: ? - help, Shift-Dir - straight line, f/p - Grinder
Aim: Grinder (moderately wounded, will become a chaos spawn, a lemure, or a crimson imp, chance to affect: 49%) Grinder evaporates and reforms as a chaos spawn!
Aiming: Polymorph
Press: ? - help, Shift-Dir - straight line, f/p - Grinder
Aim: Grinder the chaos spawn (will become a ynoxinul, a lemure, or a white imp, chance to affect: 17%) Grinder resists with almost no effort.
Grinder splatters into many small globs of multi-coloured light, then recombines.
Aiming: Polymorph
Press: ? - help, Shift-Dir - straight line, f/p - Grinder
Aim: Grinder the chaos spawn (will become a ynoxinul, a lemure, or a white imp, chance to affect: 17%) Grinder the chaos spawn evaporates and reforms as a lemure!
You shoot an arrow. The arrow hits Grinder.
Grinder is lightly wounded.
You shoot an arrow.
The arrow hits Grinder but does no damage.
Grinder is lightly wounded.
Grinder closely misses you. x2
You shoot an arrow.
The arrow hits Grinder but does no damage.
Grinder is lightly wounded.
Grinder closely misses you.
You shoot an arrow. The arrow barely misses Grinder.
Grinder hits you.
You shoot an arrow. The arrow hits Grinder.
Grinder is moderately wounded.
Grinder closely misses you.
You shoot an arrow. The arrow hits Grinder.
Grinder is heavily wounded.
Grinder completely misses you.
You shoot an arrow. The arrow barely misses Grinder.
Grinder hits you!
* * * LOW HITPOINT WARNING * * *
You shoot an arrow. The arrow barely misses Grinder.
Grinder hits you!
* * * LOW HITPOINT WARNING * * *
Grinder hits you!
You die...
Grinder says, "Now the real fun starts!"

.......
.......##
........#
........#
........#
........#
.....†.5#
#@# #+#


You could see Grinder the lemure.

Vanquished Creatures
  Terence (D:2)
  7 gnolls
  An adder (D:3)
  2 dart slugs
  7 orcs
  5 ball pythons
  9 endoplasms
  3 giant cockroaches
  6 hobgoblins
  6 jackals (D:2)
  11 kobolds
  A quokka (D:1)
  7 bats
  6 frilled lizards
  6 goblins
  3 rats
81 creatures vanquished.

Notes
Turn   | Place    | Note
-------+----------+-------------------------------------------
     0 | D:1      | Gynju the Hill Orc Hunter began the quest for the Orb.
     0 | D:1      | Reached XP level 1. HP: 18/18 MP: 1/1
    93 | D:1      | Reached skill level 4 in Ranged Weapons
    93 | D:1      | Reached XP level 2. HP: 25/25 MP: 2/2
   335 | D:1      | Reached XP level 3. HP: 30/30 MP: 3/3
   528 | D:2      | Found a faded altar of an unknown god.
   559 | D:2      | Prayed at the altar of an unknown god.
   559 | D:2      | Became a worshipper of Ashenzari the Shackled
   698 | D:2      | Reached skill level 5 in Ranged Weapons
   698 | D:2      | Reached XP level 4. HP: 37/37 MP: 4/4
   830 | D:2      | Noticed Terence
   841 | D:2      | Killed Terence
   842 | D:2      | Reached XP level 5. HP: 25/42 MP: 5/5
  1705 | D:3      | Reached skill level 6 in Ranged Weapons
  2228 | D:4      | Noticed Dowan
  2229 | D:4      | Noticed Duvessa
  2299 | D:4      | Noticed Grinder
  2310 | D:4      | Paralysed by Grinder for 5 turns
  2315 | D:4      | Grinder changed into Grinder the chaos spawn
  2315 | D:4      | Noticed Grinder
  2317 | D:4      | Grinder the chaos spawn changed into Grinder the lemure
  2317 | D:4      | Noticed Grinder
  2325 | D:4      | Slain by Grinder the lemure

Illustrated notes

Levels and vault maps discovered:
D:1:      mrwooster_arrival_arrow, layout_rooms, minmay_misc_feat_encased,
          minivault_26, minmay_misc_feat_chi
D:2:      layout_basic, basic_ecumenical_altar, serial_bayou,
          serial_bayou_pond_b, serial_bayou_shore_a, serial_bayou_pond_d,
          serial_bayou_pond_d, serial_bayou_lake_a, serial_bayou_pond_a,
          uniq_terence
D:3:      layout_rooms, chequers_serial_rivers_small_3
D:4:      minmay_clustersquares, layout_basic, uniq_sigmund, uniq_duvessa,
          uniq_grinder

Skill      XL: |  1  2  3  4  5 |
---------------+----------------+-----
Ranged Weapons | 4 5 6 |  6.2
Fighting       | |  2.4
Dodging        | |  1.5
Stealth        | |  0.7

Action                     |  1- 3 |  4- 6 || total
---------------------------+-------+-------++-------
   Fire: Shortbow          |    99 |   169 ||   268
  Evoke: Wand              |       |     3 ||     3
 Armour: Leather armour    |    12 |    50 ||    62
  Dodge: Dodged            |    17 |    48 ||    65

Table legend: (Time is in decaauts)
 A = Elapsed time spent in this place.
 B = Non-inter-level travel time spent in this place.
 C = Inter-level travel time spent in this place.
 D = Time resting spent in this place.
 E = Time spent auto-exploring this place.
 F = Levels seen in this place.
 G = Mean time per level.
                   A        B        C        D        E       F      G
               +--------+--------+--------+--------+--------+-----+--------+
         Total |   2424 |   2316 |    108 |     66 |   1761 |   4 |  606.0 |
       Dungeon |   2424 |   2316 |    108 |     66 |   1761 |   4 |  606.0 |
               +--------+--------+--------+--------+--------+-----+--------+

Top non-repeatable levels by time:
     D:2: 1059 daAuts
     D:3: 669 daAuts
     D:1: 544 daAuts
     D:4: 151 daAuts
